 Dungeon Crawl Stone Soup version 0.29.1-13-g9f3cf754e1 (webtiles) character file.

Game seed: 11776904291591528829

669 Wobber the Trooper (level 7, -2/63 HPs)
             Began as a Hill Orc Fighter on Feb 11, 2023.
             Was a Follower of Okawaru.
             Slain by AverageBear's ghost (9 damage)
             ... on level 5 of the Dungeon.
             The game lasted 00:15:05 (4750 turns).

Wobber the Trooper (Hill Orc Fighter)               Turns: 4750, Time: 00:15:05

Health: -2/63      AC: 10    Str: 22 (25) XL:     7   Next: 58%
Magic:  15/17      EV: 11    Int:  4 (5)  God:    Okawaru [*.....]
Gold:   545        SH:  6    Dex:  9 (10) Spells: 6/6 levels left

rFire   . . .      SeeInvis .   y - +2 hand axe of Awica {venom, Will++ Str+4 Int-3}
rCold   . . .      Faith    .   c - +0 buckler
rNeg    . . .      Spirit   .   b - +0 scale mail
rPois   .          Reflect  .   (no helmet)
rElec   .          Harm     .   (no cloak)
rCorr   .          Rampage  .   (no gloves)
Will    ++...                   t - +0 pair of boots
Stlth   +.........              (no amulet)
HPRegen 0.20/turn               h - ring of magical power
MPRegen 0.15/turn               (no ring)

@: heroic, hasted, very quick
A: no striking features
a: Renounce Religion, Convert to Beogh, Heroism


You were on level 5 of the Dungeon.
You worshipped Okawaru.
Okawaru was aware of your devotion.
You visited 1 branch of the dungeon, and saw 5 of its levels.
You also visited: Sewer.

You collected 948 gold pieces.
You spent 403 gold pieces at shops.

Inventory:

Hand Weapons
 a - a +0 war axe of venom
 o - a +3 dagger of venom
 y - the +2 hand axe of Awica (weapon) {venom, Will++ Str+4 Int-3}
   (You bought it in a shop on level 3 of the Dungeon)

   It poisons the flesh of those it strikes.
   Str:       It affects your strength (+4).
   Int:       It affects your intelligence (-3).
   Will:      It greatly increases your willpower.
Missiles
 f - 41 stones (quivered)
Armour
 b - a +0 scale mail (worn)
 c - a +0 buckler (worn)
 t - a +0 pair of boots (worn)
Magical Staves
 q - a staff of fire
Jewellery
 h - a ring of magical power (left hand)
Wands
 u - a wand of digging (6)
 A - a wand of mindburst (12)
 B - a wand of flame (19)
Scrolls
 g - a scroll of poison {unknown}
 l - a scroll of blinking
 m - a scroll of brand weapon
 p - 2 scrolls of torment {unknown}
 r - 2 scrolls of identify {unknown}
 s - 2 scrolls of silence {unknown}
 v - a scroll of enchant armour {unknown}
 w - a scroll of magic mapping {unknown}
 D - 5 scrolls of amnesia {unknown}
Potions
 d - 4 potions of might
 e - a potion of invisibility {unknown}
 i - a potion of berserk rage {unknown}
 j - a potion of haste
 k - 2 potions of curing
 n - a potion of lignification {unknown}
 x - 2 potions of brilliance {unknown}
 z - 2 potions of degeneration
 C - 2 potions of attraction {unknown}


   Skills:
 * Level 6.1(11.1) Fighting
 * Level 5.9(10.9) Axes
 - Level 1.2(6.2) Throwing
 + Level 5.0(10.0) Armour
 + Level 5.1(10.1) Shields
 * Level 1.8 Invocations


You had 6 spell levels left.
You didn't know any spells.
Your spell library contained the following spells:

 Spells                   Type           Power      Damage    Failure   Level
 Magic Dart               Conj           0%         1d3       83%         1
 Shock                    Conj/Air       0%         1d3       83%         1
 Searing Ray              Conj           0%         2d4       93%         2
 Swiftness                Air            0%         N/A       99%         3
 Airstrike                Air            0%         2d(0-16)  100%        4
 Fulminant Prism          Conj/Hex       0%         3d6       100%        4
 Storm Form               Tmut/Air       0%         N/A       100%        7
 Maxwell's Capacitive Co  Air            0%         ∞         100%        8
 Summon Lightning Spire   Summ/Air       Unusable   N/A       N/A         4

Dungeon Overview and Level Annotations

Branches:
Dungeon (5/15)              Sewer (visited)
 Temple: D:4-7

Altars:
Okawaru
Qazlal

Shops:
D:3 (*   D:4 (

Annotations:
D:5 AverageBear's ghost, amateur DsFi


Message History

AverageBear's ghost closely misses you.
The scorpion stings you but does no damage.
You hit the scorpion.
The scorpion is poisoned.
The scorpion is moderately wounded.
You hit the water moccasin.
You hit AverageBear's ghost but do no damage.
You feel very sick. The water moccasin closely misses you.
AverageBear's ghost barely misses you.
You slash the scorpion!
The scorpion looks as sick as possible!
The scorpion is almost dead.
You hit the water moccasin. You barely miss AverageBear's ghost.
You feel very sick.
The scorpion stings you but does no damage.
The water moccasin bites you!
* * * LOW HITPOINT WARNING * * *
The orc priest shouts, "Join the one true god or die!"
It was a potion of degeneration.
There was something very wrong with that liquid.
You feel weakened.
You feel dopey.
You feel clumsy.
* * * LOW HITPOINT WARNING * * *
You feel very sick.
You kill the scorpion!
Okawaru accepts your kill.
The water moccasin bites you but does no damage.
AverageBear's ghost hits you but does no damage.
The water moccasin bites you.
* * * LOW HITPOINT WARNING * * *
You are more poisoned.
The water moccasin poisons you!
Your base Armour skill increases to level 5!
It was a potion of curing.
You feel better.
AverageBear's ghost grins evilly.
AverageBear's ghost hits you!
* * * LOW HITPOINT WARNING * * *
The orc priest closely misses you.
The water moccasin bites you but does no damage.
It was a potion of haste.
You feel yourself speed up.
The water moccasin bites you but does no damage.
AverageBear's ghost hits you!
You die...

#.........#####
#...............
#...............
#...............
#......#########
#......#.......
#####..#.......#
#..S.....(.#
#.@o.......
#..W......
#..#......
#..#......
#..####### #...
.... #... ...
#### ..


You could see a water moccasin, an orc priest and AverageBear's ghost.

Vanquished Creatures
  An ogre (D:5)
  A phantom (D:5)
  2 necrophages
  A scorpion (D:5)
  A hound (D:5)
  An iguana (D:5)
  An orc wizard (D:4)
  Robin (D:4)
  9 adders
  3 river rats (Sewer)
  4 worms
  2 dart slugs (D:1)
  7 orcs
  7 ball pythons
  5 endoplasms
  4 giant cockroaches
  10 goblins
  10 hobgoblins
  10 quokkas
  8 bats
  9 frilled lizards
  14 kobolds
  6 rats (Sewer)
117 creatures vanquished.

Notes
Turn   | Place    | Note
-------+----------+-------------------------------------------
     0 | D:1      | Wobber the Hill Orc Fighter began the quest for the Orb.
     0 | D:1      | Reached XP level 1. HP: 19/19 MP: 1/1
    89 | D:1      | Reached XP level 2. HP: 19/27 MP: 2/2
   514 | D:1      | Reached skill level 4 in Fighting
   519 | D:1      | Reached XP level 3. HP: 28/33 MP: 3/3
  1368 | D:2      | Reached XP level 4. HP: 39/40 MP: 4/4
  2065 | D:3      | Found a stormy altar of Qazlal.
  2099 | D:3      | Found an iron altar of Okawaru.
  2122 | D:3      | Became a worshipper of Warmaster Okawaru
  2254 | D:3      | Found Heesunn's Weapon Shoppe.
  2342 | D:3      | Found a glowing drain.
  2358 | D:3      | Reached XP level 5. HP: 44/47 MP: 5/5
  2369 | Sewer    | Entered a sewer
  3171 | D:3      | Found Mowua's Assorted Antiques.
  3417 | D:3      | Identified a scroll of acquirement
  3417 | D:3      | Acquired 727 gold pieces
  3432 | D:3      | Bought the +2 hand axe of Awica {venom, Will++ Str+4 Int-3}
                  | for 403 gold pieces
  3787 | D:4      | Reached XP level 6. HP: 54/55 MP: 6/6
  3798 | D:4      | Reached skill level 5 in Fighting
  3874 | D:4      | Found Kaiborph's Weapon Boutique.
  4072 | D:4      | Noticed Robin
  4081 | D:4      | Killed Robin
  4409 | D:5      | Entered Level 5 of the Dungeon
  4414 | D:5      | Reached skill level 5 in Axes
  4470 | D:5      | Reached skill level 1 in Throwing
  4527 | D:5      | Reached * piety under Okawaru
  4528 | D:5      | Reached XP level 7. HP: 59/62 MP: 7/7
  4606 | D:5      | Noticed AverageBear's ghost (amateur DsFi)
  4623 | D:5      | Reached skill level 5 in Shields
  4623 | D:5      | Reached skill level 1 in Invocations
  4735 | D:5      | Found a runed translucent gate.
  4735 | D:5      | Found a runed translucent gate.
  4735 | D:5      | Found a runed translucent gate.
  4744 | D:5      | Reached skill level 6 in Fighting
  4749 | D:5      | Reached skill level 5 in Armour
  4750 | D:5      | Slain by AverageBear's ghost

Illustrated notes

Levels and vault maps discovered:
D:1:      amcnicky_arrival_double_pillar, layout_rooms
D:2:      layout_loops_ring
D:3:      layout_basic, mainiacjoe_overflow_catch_the_wave,
          gup_sewer_entry_pipe, serial_shops, shop, shop
D:4:      layout_basic, serial_shops, nicolae_shop_bloodbath_and_beyond,
          uniq_robin
D:5:      layout_rooms, mainiacjoe_overflow_24_doors, gammafunk_ghost_split,
          serial_bayou_pond_a

Skill      XL: |  1  2  3  4  5  6  7 |
---------------+----------------------+-----
Axes           | 3 4 5 |  5.9
Fighting       | 4 5 6 |  6.1
Shields        | 4 5 |  5.1
Armour         | 4 5 |  5.0
Throwing       | 1 |  1.2
Invocations    | 1 |  1.8

Action                   |  1- 3 |  4- 6 |  7- 9 || total
-------------------------+-------+-------+-------++-------
Melee: War axe           |   126 |   164 |       ||   290
       Hand axe          |       |    75 |    22 ||    97
Invok: Heroism           |       |       |     1 ||     1
  Use: Scroll            |       |     4 |       ||     4
       Potion            |       |       |     3 ||     3
Armor: Scale mail        |    91 |   124 |    14 ||   229
Dodge: Dodged            |    75 |   115 |    11 ||   201
Block: Buckler           |    33 |    42 |     6 ||    81
